 Dungeon Crawl Stone Soup version 0.16.2-3-ga078185 (webtiles) character file.

100 Genodice the Ruffian (level 4, -1/45 HPs)
             Began as a Troll Monk on Sept 9, 2015.
             Slain by an orc wizard
             ... wielding a +2 dagger of protection
              (5 damage)
             ... on level 3 of the Dungeon.
             The game lasted 00:07:02 (1091 turns).

Genodice the Ruffian (Troll Monk)                   Turns: 1091, Time: 00:07:02

Health: -1/45      AC:  5    Str: 19    XL:     4   Next: 46%
Magic:  0/2        EV: 11    Int:  6    God:
Gold:   77         SH:  0    Dex: 13    Spells: 0 memorised, 3 levels left

rFire  . . .     SeeInvis .       - Unarmed
rCold  . . .     Clarity  .     a - +0 robe
rNeg   . . .     SustAb   .     (shield restricted)
rPois  .         Gourm    +     (helmet restricted)
rElec  .         Spirit   .     (no cloak)
rCorr  .         Warding  .     (gloves unavailable)
rMut   .         Stasis   .     (boots unavailable)
MR     .....                    (no amulet)
Stlth  +.........               (no ring)
                                (no ring)

@: about to teleport, not resistant to hostile enchantments, very unstealthy
A: unfitting armour, claws 3, fast metabolism 3, gourmand, regeneration 2,
shaggy fur 1, tough skin 2
a: no special abilities


You were on level 3 of the Dungeon.
You were not hungry.

You visited 1 branch of the dungeon, and saw 3 of its levels.

You collected 77 gold pieces.

Inventory:

Hand weapons
 e - a cursed -2 dagger
 j - a +1 dagger of speed
Armour
 a - a +0 robe (worn)
Scrolls
 f - a scroll of magic mapping {unknown}
 h - 4 scrolls of identify {unknown}
Potions
 c - a potion of restore abilities {unknown}
 g - a potion of curing {unknown}
 k - 2 potions of might {unknown}
 n - a potion of agility {unknown}
Comestibles
 b - 4 meat rations
 l - 4 chunks of flesh
 m - a bread ration


   Skills:
 + Level 3.1 Fighting
 + Level 3.2 Dodging
 - Level 1.1 Stealth
 + Level 4.7 Unarmed Combat


You had 3 spell levels left.
You didn't know any spells.

Dungeon Overview and Level Annotations

Branches:
Dungeon (3/15)

Altars:
Okawaru


Innate Abilities, Weirdness & Mutations

You are too large for most types of armour.
You have claws for hands.
Your metabolism is lightning-fast.
You like to eat raw meat.
You heal very quickly.
You are covered in fur (AC +1).
You have very tough skin (AC +2).


Message History

The orc wizard flickers and vanishes!
Deactivating autopickup; reactivate with Ctrl-A.
The kobold hits you but does no damage. The orc completely misses you.
The orc wizard hits you with a dagger. Something hits you but does no damage.
The orc hits you. The orc closely misses you.
You miss something. Something hits you. The kobold closely misses you.
The orc wizard closely misses you. The orc hits you with a mace.
* * * LOW HITPOINT WARNING * * *
You closely miss something. The orc hits you.
* * * LOW HITPOINT WARNING * * *
The orc barely misses you. Something hits you but does no damage.
The kobold hits you with an antimagic whip.
* * * LOW HITPOINT WARNING * * *
The orc wizard points at you and mumbles some strange words.
The puff of frost misses you.
The puff of frost hits the orc.
Read which item? (? for menu, Esc to quit)
As you read the scroll labeled KEIP DUEQIMOSS, it crumbles to dust.
You feel strangely unstable.
It was a scroll of teleportation.
Something hits you.
You die...

##### #...#
####...####....
#.....{o.......
#.#..o@#.....##
#....ooK.....#
..............#
##............#
#......#.....#
#......#.....
<.....#..(.
..#######


You could see an orc wizard, 3 orcs and a kobold.

Vanquished Creatures
  4 adders (D:2)
  2 giant mites (D:2)
  An ooze (D:2)
  2 orcs (D:3)
  7 bats
  A giant cockroach (D:2)
  7 goblins
  A hobgoblin (D:2)
  4 jackals (D:1)
  7 kobolds
  2 ball pythons (D:2)
  2 giant geckos (D:2)
  7 rats
47 creatures vanquished.

Notes
Turn   | Place    | Note
--------------------------------------------------------------
     0 | D:1      | Genodice, the Troll Monk, began the quest for the Orb.
     0 | D:1      | Reached XP level 1. HP: 22/22 MP: 1/1
   214 | D:1      | Reached XP level 2. HP: 25/29 MP: 1/1
   652 | D:2      | Reached XP level 3. HP: 28/36 MP: 2/2
   831 | D:2      | Found an iron altar of Okawaru.
   839 | D:2      | Reached XP level 4. HP: 43/45 MP: 2/2
  1091 | D:3      | Slain by an orc wizard

Action                   |  1- 3 |  4- 6 || total
-------------------------+-------+-------++-------
Melee: Unarmed           |    67 |    53 ||   120
  Use: Potion            |       |     3 ||     3
       Scroll            |       |     1 ||     1
 Stab: Sleeping          |     1 |       ||     1
  Eat: Chunk             |     5 |     2 ||     7
